 Dungeon Crawl Stone Soup version 0.25.1-2-g60ff931df9 (webtiles) character file.

Game seed: 6919019489620353532

17260 hawla the Cleaver (level 12, -3/106 HPs)
             Began as a Hill Orc Monk on Sept 29, 2020.
             Was a High Priest of Beogh.
             Slain by an ice devil (5 damage)
             ... in an ice cave.
             The game lasted 00:48:56 (15090 turns).

hawla the Cleaver (Hill Orc Monk)                  Turns: 15090, Time: 00:48:58

Health: -3/106     AC: 18    Str: 11 (12) XL:     12   Next: 46%
Magic:  13/13      EV: 16    Int:  9 (10) God:    Beogh [*****.]
Gold:   1880       SH:  0    Dex: 23 (25) Spells: 11/11 levels left

rFire    . . .     SeeInvis .   C - +1 flail (protect)
rCold    + . .     Gourm    .   (no shield)
rNeg     . . .     Faith    .   B - +0 robe {rC+}
rPois    +         Spirit   .   m - +0 helmet
rElec    .         Reflect  .   H - +1 cloak {rPois}
rCorr    .         Harm     .   p - +1 pair of gloves {Dex+3}
MR       .....                  f - +0 pair of boots
Stlth    +++.......             i - amulet of regeneration
HPRegen  0.67/turn              v - ring of stealth
MPRegen  0.13/turn              I - ring of the Shining Light {+Fly Str-4 Dex+6}

@: protection aura
A: walk on water
a: Smiting, Recall Orcish Followers, Give Item to Named Follower, Renounce
Religion, Evoke Flight


You were in an ice cave.
You worshipped Beogh.
Beogh was extremely pleased with you.
You were not hungry.

You visited 3 branches of the dungeon, and saw 13 of its levels.
You also visited: Ice Cave.

You collected 2497 gold pieces.
You spent 617 gold pieces at shops.

Inventory:

Hand Weapons
 h - a +3 flail of draining
 l - a +5 falchion of flaming
 q - a +0 quarterstaff
 z - a +2 scythe of freezing
 C - a +1 flail of protection (weapon)
 F - a +0 mace of protection
 G - a +0 war axe of electrocution
Missiles
 k - 15 boomerangs (quivered)
 A - 2 throwing nets
Armour
 f - a +0 pair of boots (worn)
 m - a +0 helmet (worn)
 o - a +0 plate armour
 p - a +1 pair of gloves of dexterity (worn)
 B - a +0 robe of cold resistance (worn)
 H - a +1 cloak of poison resistance (worn)
Jewellery
 i - an amulet of regeneration (around neck)
 v - a ring of stealth (left hand)
 I - the ring of the Shining Light (right hand) {+Fly Str-4 Dex+6}
   (You found it on level 11 of the Dungeon)

   [ring of flight]

   It affects your strength (-4).
   It affects your dexterity (+6).
   It lets you fly.
Wands
 b - a wand of acid (8)
 n - a wand of disintegration (25)
 s - a wand of random effects (28)
 t - a wand of iceblast (21)
 y - a wand of enslavement (5)
 E - a wand of digging (6)
Scrolls
 a - 2 scrolls of remove curse
 j - 4 scrolls of identify
Potions
 d - a potion of brilliance
 e - 3 potions of stabbing
 r - 3 potions of flight
 w - a potion of haste
Comestibles
 c - 11 rations


   Skills:
 + Level 10.3 Fighting
 + Level 5.4 Long Blades
 + Level 12.0(13.4) Axes
 + Level 8.8(11.0) Maces & Flails
 + Level 2.6(5.4) Staves
 + Level 3.7 Throwing
 + Level 11.3 Armour
 + Level 5.1 Dodging
 - Level 1.5 Stealth
 + Level 2.0 Invocations
 + Level 0.1 Evocations


You had 11 spell levels left.
You didn't know any spells.
Your spell library contained the following spells:

 Spells                   Type           Power        Failure   Level  Hunger
 Poisonous Vapours        Pois/Air       #.....       52%         2    ###....
 Conjure Flame            Conj/Fire      #.......     77%         3    ####...
 Mephitic Cloud           Conj/Pois/Air  #.......     77%         3    ####...
 Freezing Cloud           Conj/Ice/Air   #.........   100%        6    #######
 Ring of Flames           Chrm/Fire      #.........   100%        7    #######


Dungeon Overview and Level Annotations

Branches:
Dungeon (11/15)            Temple (1/1) D:7            Lair (0/6) D:9
    Orc (1/2) D:9           IceCv (1/1)

Altars:
Ashenzari
Cheibriados
Dithmenos
Elyvilon
Gozag
Hepliaklqana
Kikubaaqudgha
Makhleb
Okawaru
Sif Muna
Trog
Vehumet
Wu Jian
Xom
Yredelemnul
Zin
The Shining One
Beogh
Jiyva

Shops:
D:10 }?

Annotations:
D:7 2 transporters, Snicker's ghost, novice DsAs


Message History

You feel yourself speed up. The ice devil hits you.
* * * LOW HITPOINT WARNING * * *
The ice devil freezes you. You resist.
* * * LOW HITPOINT WARNING * * *
It was a potion of degeneration.
There was something very wrong with that liquid.
You feel weakened.
You feel dopey.
You feel clumsy.
It was a potion of cancellation.
Your magical effects are unravelling.
You feel magically purged.
You feel yourself slow down. The ice devil closely misses you.
Okay, then.
You sock the ice devil!
Your weapon exudes an aura of protection.
The ice devil is heavily wounded.
The ice devil hits you.
* * * LOW HITPOINT WARNING * * *
The ice devil freezes you. You resist.
You die...

##○○.###########..
##§§§### ###
###.§§######
##☼°○§§§.####
###§§§§.☼§....##
###§§.§§§☼..##..5.
##..☼°§§####..##...
##....°.°#..§°..4.#.
##..@4...##..○...###.
#.......##.°.§§☼## .
##.........○°#§§§§. .
##.....###≈.#○§### .
###..#.....#§☼..# #
####..○.○#§○§§.
###§.○§§§##☼
###§.§§☼# ##.###


You could see an ice devil.

Vanquished Creatures
  Harold (D:7)
  A hydra (D:11)
  2 two-headed ogres
  A death yak (D:9)
  Nergalle (D:11)
  A manticore (D:11)
  Maurice (D:11)
  A centaur zombie (D:11)
  2 ice statues (IceCv)
  A gargoyle (D:11)
  4 ice devils (IceCv)
  A hornet (D:11)
  2 trolls (D:10)
  Grinder (D:5)
  A spriggan (D:7)
  A wraith (D:10)
  7 yaks
  Eustachio (D:4)
  A warg (Orc:1)
  Edmund (D:4)
  A soldier ant (D:10)
  2 orc warriors
  2 ice beasts (D:11)
  A phantom (D:10)
  A black bear (D:8)
  3 sky beasts
  2 necrophages
  7 ogres
  2 centaurs (D:8)
  A big kobold (D:10)
  5 bullfrogs
  10 scorpions
  7 wights
  3 howler monkeys
  An electric eel (D:11)
  A crimson imp (D:7)
  3 bullfrog zombies
  4 orc priests
  6 hounds
  3 iron imps (D:5)
  A jelly (D:11)
  A bullfrog skeleton (D:10)
  A gnoll shaman (D:6)
  3 centaur skeletons
  4 iguanas
  Natasha (thrice) (D:3)
  5 orc wizards
  6 worker ants
  A hound skeleton (D:5)
  2 worker ant zombies (D:7)
  A howler monkey zombie (D:9)
  11 adders
  5 gnolls
  4 shadow imps
  10 white imps (IceCv)
  6 ufetubi (IceCv)
  2 oozes
  2 adder zombies
  4 worms
  3 dart slugs
  8 leopard geckos
  18 orcs
  3 giant cockroaches
  9 goblins
  6 hobgoblins
  6 jackals
  3 quokkas
  14 bats
  7 frilled lizards
  A jackal zombie (D:4)
  16 kobolds
  A leopard gecko skeleton (D:7)
  2 quokka skeletons
  7 rats
273 creatures vanquished.

Vanquished Creatures (collateral kills)
  2 two-headed ogres
  2 death yaks (D:9)
  An orc knight (Orc:1)
  An ugly thing (D:11)
  A water elemental (D:11)
  4 yaks (D:8)
  A hungry ghost (D:8)
  A sky beast (D:11)
  2 orc warriors
  3 ogres
  A bullfrog (D:7)
  A scorpion (D:9)
  3 wights (D:7)
  An electric eel (D:11)
  A howler monkey (D:9)
  A crimson imp (D:11)
  A bullfrog skeleton (D:7)
  2 hounds
  An orc wizard (Orc:1)
  An iguana (D:8)
  2 worker ants
  A worker ant zombie (D:11)
  A shadow imp (D:8)
  A leopard gecko (D:9)
  10 orcs
  4 jackals (D:7)
  A plant (D:7)
51 creatures vanquished.

Vanquished Creatures (others)
  A reaper (IceCv)
  An orc knight (D:9)
  4 orc warriors
  4 orc priests
  4 orc wizards
  4 white imps (IceCv)
  2 ufetubi (IceCv)
  24 orcs
44 creatures vanquished.

Grand Total: 368 creatures vanquished

Notes
Turn   | Place    | Note
-------+----------+-------------------------------------------
     0 | D:1      | hawla the Hill Orc Monk began the quest for the Orb.
     0 | D:1      | Reached XP level 1. HP: 19/19 MP: 1/1
   347 | D:1      | Reached XP level 2. HP: 26/27 MP: 2/2
   707 | D:1      | Reached XP level 3. HP: 32/33 MP: 3/3
  1180 | D:2      | Found a snail-covered altar of Cheibriados.
  2036 | D:3      | Reached XP level 4. HP: 26/40 MP: 4/4
  2038 | D:3      | Reached skill level 5 in Axes
  2208 | D:3      | Noticed Natasha
  2230 | D:3      | Killed Natasha
  2230 | D:3      | Reached skill level 1 in Armour
  2252 | D:3      | Became a worshipper of Beogh the Brigand
  2252 | D:3      | Reached * piety under Beogh
  2252 | D:3      | Reached ** piety under Beogh
  2287 | D:3      | Noticed Natasha
  2300 | D:3      | Killed Natasha
  2300 | D:3      | Reached XP level 5. HP: 23/46 MP: 5/5
  2683 | D:3      | Reached skill level 1 in Staves
  3239 | D:3      | Noticed Natasha
  3261 | D:3      | Killed Natasha
  3707 | D:4      | Noticed Edmund
  3717 | D:4      | HP: 2/46 [Edmund/+3 flail of draining (4)]
  3721 | D:4      | Killed Edmund
  3721 | D:4      | Reached XP level 6. HP: 15/53 MP: 6/6
  4179 | D:4      | Reached skill level 1 in Throwing
  4396 | D:4      | Reached XP level 7. HP: 34/60 MP: 7/7
  4432 | D:4      | Found a shadowy altar of Dithmenos.
  4499 | D:4      | Found an ornate altar of the Wu Jian Council.
  5016 | D:4      | Reached skill level 5 in Fighting
  5183 | D:4      | Noticed Eustachio
  5198 | D:4      | Killed Eustachio
  5198 | D:4      | Reached skill level 6 in Axes
  5429 | D:5      | Entered Level 5 of the Dungeon
  5456 | D:5      | Found a glowing golden altar of the Shining One.
  5520 | D:5      | Found a shimmering altar of Xom.
  5667 | D:5      | Found a radiant altar of Vehumet.
  5694 | D:5      | Reached XP level 8. HP: 27/69 MP: 8/8
  5853 | D:5      | Found the +7 Singing Sword {vorpal, sonic wave}
  5910 | D:5      | Reached *** piety under Beogh
  5982 | D:5      | Found a shimmering blue altar of Sif Muna.
  5982 | D:5      | Found a glowing silver altar of Zin.
  5987 | D:5      | Found a bloodstained altar of Trog.
  5989 | D:5      | Found a shattered altar of Ashenzari.
  5995 | D:5      | Found a basalt altar of Yredelemnul.
  6042 | D:5      | Noticed Grinder
  6060 | D:5      | Killed Grinder
  6060 | D:5      | Reached skill level 5 in Maces & Flails
  6139 | D:5      | Found a burning altar of Makhleb.
  6244 | D:5      | Found an opulent altar of Gozag.
  6274 | D:5      | Reached skill level 5 in Armour
  6534 | D:6      | Reached XP level 9. HP: 75/75 MP: 9/9
  6644 | D:6      | Reached skill level 1 in Long Blades
  6754 | D:6      | Gained Grimold as an ally
  6983 | D:6      | Found an iron altar of Okawaru.
  7158 | D:7      | Found a staircase to the Ecumenical Temple.
  7168 | Temple   | Entered the Ecumenical Temple
  7344 | D:7      | Noticed a moth of wrath
  7363 | D:7      | Noticed a hornet
  7372 | D:7      | Found a transporter.
  7380 | D:7      | Noticed Snicker's ghost (novice DsAs)
  7431 | D:7      | Reached **** piety under Beogh
  7872 | D:7      | Found a transporter.
  7945 | D:7      | Noticed Harold
  7965 | D:7      | Killed Harold
  7965 | D:7      | Reached skill level 7 in Axes
  7965 | D:7      | Reached XP level 10. HP: 57/86 MP: 6/10
  8125 | D:7      | Reached skill level 8 in Axes
  8256 | D:8      | Found a hazy altar of Hepliaklqana.
  8405 | D:8      | Reached skill level 1 in Invocations
  9235 | D:9      | Found a staircase to the Orcish Mines.
  9322 | D:9      | Noticed a death yak
  9323 | D:9      | Noticed a death yak
  9325 | D:9      | Noticed a death yak
  9352 | D:9      | Your ally Grimold died
  9370 | D:9      | Killed a death yak
  9370 | D:9      | Reached skill level 9 in Axes
  9382 | D:9      | Killed a death yak
  9389 | D:9      | Noticed a two-headed ogre
  9641 | D:9      | Found a staircase to the Lair.
  9664 | D:9      | Reached XP level 11. HP: 94/95 MP: 12/12
  9680 | D:9      | Killed a death yak
  9817 | D:9      | Reached skill level 10 in Axes
  9823 | D:9      | Reached ***** piety under Beogh
  9857 | D:9      | Killed a two-headed ogre
  9857 | D:9      | Gained Olfrun as an ally
 10264 | D:10     | Entered Level 10 of the Dungeon
 10380 | D:10     | Gained Bogmar as an ally
 10607 | D:10     | Noticed a two-headed ogre
 10767 | D:10     | Killed a two-headed ogre
 10825 | D:10     | Found Ykhiacai's Gadget Emporium.
 10833 | D:10     | Bought a wand of acid (11) for 360 gold pieces
 10833 | D:10     | Bought a wand of iceblast (11) for 180 gold pieces
 10885 | D:10     | Found Fiet's Magic Scroll Shoppe.
 10897 | D:10     | Reached skill level 11 in Axes
 10941 | D:10     | Bought a scroll of magic mapping for 49 gold pieces
 10941 | D:10     | Bought a scroll of identify for 28 gold pieces
 11177 | D:10     | Reached skill level 10 in Armour
 11249 | D:11     | Noticed Nergalle
 11259 | D:11     | Your ally Bogmar died
 11262 | D:11     | Killed Nergalle
 11301 | D:11     | Noticed a two-headed ogre
 11301 | D:11     | Noticed a cyan ugly thing
 11315 | D:11     | Killed a cyan ugly thing
 11316 | D:11     | Killed a two-headed ogre
 11379 | D:11     | Noticed a six-headed hydra
 11393 | D:11     | Identified a scroll of acquirement
 11393 | D:11     | Acquired 1640 gold pieces
 11611 | D:11     | Noticed Maurice
 11661 | D:11     | Killed Maurice
 11801 | D:11     | Killed a one-headed hydra
 11801 | D:11     | Reached skill level 10 in Fighting
 11801 | D:11     | Reached XP level 12. HP: 105/106 MP: 13/13
 12335 | D:11     | Gained Oreg as an ally
 12493 | D:11     | Got the ring of the Shining Light {+Fly}
 12704 | D:11     | Identified the ring of the Shining Light {+Fly Str-4 Dex+6}
                  | (You found it on level 11 of the Dungeon)
 12760 | Orc:1    | Entered Level 1 of the Orcish Mines
 12760 | Orc:1    | Noticed a two-headed ogre
 12768 | Orc:1    | Killed a two-headed ogre
 12768 | Orc:1    | Gained Bogward as an ally
 12916 | Orc:1    | Found a roughly hewn altar of Beogh.
 12971 | Orc:1    | Found a frozen archway.
 12988 | IceCv    | Entered an ice cave
 13098 | IceCv    | Killed a reaper
 13250 | IceCv    | Reached skill level 5 in Long Blades
 13665 | IceCv    | Reached skill level 5 in Dodging
 14155 | IceCv    | Reached skill level 12 in Axes
 14570 | IceCv    | HP: 5/106 [ice devil (9)]
 14571 | IceCv    | HP: 2/106 [white imp (1)]
 14576 | IceCv    | HP: 2/106 [white imp/puff of frost (3)]
 15090 | IceCv    | HP: 2/106 [ice devil (6)]
 15090 | IceCv    | Slain by an ice devil

Illustrated notes

Levels and vault maps discovered:
D:1:      nicolae_arrival_memento_mori, layout_loops_ring, serial_bayou_lake_a
D:2:      layout_loops_ring, first_ration, cheibriados_altar_1
D:3:      layout_basic, uniq_natasha
D:4:      layout_basic, grunt_dithmenos_smoke_and_mirrors, lemuel_crystal_altar,
          enter_ossuary_3, uniq_edmund, uniq_eustachio
D:5:      old_forge, layout_rooms, tgw_xom, chequers_temple_overflow_minitemple,
          demons_altar, fiery_altar_vehumet, old_standard_altar,
          marbit_many_paths, uniq_grinder
D:6:      layout_loops_ring, okawaru_metal_pillars_3
D:7:      layout_loops_ring, minmay_temple_entry_overgrown,
          gammafunk_ghost_berserking_beasts, the_bakery, uniq_harold
D:8:      layout_gridville, kennysheep_mini_moat, minmay_tree_intersection
D:9:      layout_irregular_city, dpeg_lair_monsters, orc_0_dummy
D:10:     layout_loops_cross, serial_shops, nicolae_shop_stone, shop_statue,
          serial_bayou_ford_a, minmay_misc_feat_encased,
          chequers_serial_rivers_micro_e
D:11:     statuecave_lemuel, layout_basic, uniq_maurice, uniq_nergalle
Temple:   pf_slimified_temple
Orc:1:    layout_caves, portal_ice_cave_entry_pillars_1, basic_altar
IceCv:    ice_cave_small_demon

Skill      XL: |  1  2  3  4  5  6  7  8  9 10 11 12 |
---------------+-------------------------------------+-----
Fighting       | 4 5 6 7 8 10 | 10.3
Dodging        | 3 4 5 |  5.1
Axes           | 5 6 7 9 11 12 | 12.0
Armour         | 2 3 4 5 7 9 10 11 | 11.3
Staves         | 1 2 |  2.6
Throwing       | 1 3 |  3.7
Maces & Flails | 3 6 7 8 |  8.8
Long Blades    | 2 3 5 |  5.4
Invocations    | 1 2 |  2.0
Stealth        | |  1.5
Evocations     | |  0.1

Action                   |  1- 3 |  4- 6 |  7- 9 | 10-12 || total
-------------------------+-------+-------+-------+-------++-------
Melee: Hand axe          |   133 |    84 |    14 |       ||   231
       Quarterstaff      |    32 |    36 |    43 |       ||   111
       Flail             |       |    20 |   225 |   146 ||   391
       Double sword      |       |       |    19 |       ||    19
       Battleaxe         |       |       |    52 |    20 ||    72
       War axe           |       |       |       |   250 ||   250
       Falchion          |       |       |       |   222 ||   222
       Unarmed           |       |       |       |    21 ||    21
Throw: Boomerang         |     2 |    14 |       |    43 ||    59
Invok: Convert to Beogh  |       |     1 |       |       ||     1
       Smiting           |       |       |     2 |     3 ||     5
       Recall Orcish Fol |       |       |       |     1 ||     1
       Give Item to Name |       |       |       |     1 ||     1
       Stop Recall       |       |       |       |     1 ||     1
Evoke: Wand              |       |       |       |     4 ||     4
  Use: Scroll            |     4 |     1 |     9 |    11 ||    25
       Potion            |       |     6 |     1 |    15 ||    22
 Stab: Sleeping          |     3 |     2 |       |       ||     5
       Distracted        |       |       |     2 |     2 ||     4
  Eat: Chunk             |     3 |     1 |     6 |    10 ||    20
       Ration            |     1 |     1 |     2 |     5 ||     9
Armor: Robe              |    28 |       |       |    50 ||    78
       Leather armour    |    10 |    35 |       |       ||    45
       Skin              |       |     1 |       |     2 ||     3
       Ring mail         |       |    16 |    24 |       ||    40
       Scale mail        |       |       |    86 |       ||    86
       Chain mail        |       |       |    66 |    41 ||   107
       Plate armour      |       |       |       |   175 ||   175
Dodge: Dodged            |   126 |    97 |   184 |   284 ||   691
       Rpst.: Double sword |       |       |     2 |       ||     2
       Falchion          |       |       |       |    29 ||    29
